 Dungeon Crawl Stone Soup version 0.26-a0-652-gafc20e3620 (webtiles) character file.

Game seed: 11236940460296751819

2257 Decritt the Cleaver (level 9, -2/82 HPs)
             Began as a Hill Orc Berserker on Oct 4, 2020.
             Was an Elder of Trog.
             Slain by a two-headed ogre
             ... wielding a +0 giant spiked club
              (21 damage)
             ... on level 9 of the Dungeon.
             The game lasted 00:27:35 (9379 turns).

Decritt the Cleaver (Hill Orc Berserker)            Turns: 9379, Time: 00:27:36

Health: -2/82      AC: 18    Str: 26    XL:     9   Next: 37%
Magic:  9/9        EV:  8    Int: 13    God:    Trog [****..]
Gold:   418        SH:  0    Dex: 10    Spells: 8/8 levels left

rFire    + . .     SeeInvis .   w - +1 whip "Goblinslayer" {vorpal, Str+3}
rCold    . . .     Faith    .   (no shield)
rNeg     + . .     Spirit   .   c - +0 plate armour
rPois    .         Reflect  .   n - +2 helmet "Raxiuguc" {Int+6}
rElec    .         Harm     .   (no cloak)
rCorr    .         Rampage  .   (no gloves)
MR       .....                  v - +0 pair of boots
Stlth    ..........             (no amulet)
HPRegen  0.23/turn              h - ring of protection from fire
MPRegen  0.11/turn              x - ring of positive energy

@: berserk cooldown, slowed, studying Dodging, very slow
A: no striking features
a: Berserk, Trog's Hand, Brothers in Arms, Renounce Religion


You were on level 9 of the Dungeon.
You worshipped Trog.
Trog was greatly pleased with you.
You visited 1 branch of the dungeon, and saw 9 of its levels.

You collected 418 gold pieces.

Inventory:

Hand Weapons
 a - a +0 hand axe
 w - the +1 whip "Goblinslayer" (weapon) {vorpal, Str+3}
   (You found it on level 6 of the Dungeon)

   It inflicts extra damage upon your enemies.
   It affects your strength (+3).
Missiles
 b - 104 arrows
Armour
 c - a +0 plate armour (worn)
 n - the +2 helmet "Raxiuguc" (worn) {Int+6}
   (You took it off Robin on level 2 of the Dungeon)

   It affects your intelligence (+6).
 v - a +0 pair of boots (worn)
Jewellery
 h - a ring of protection from fire (left hand)
 o - an uncursed ring of protection from fire
 x - a ring of positive energy (right hand)
Wands
 e - a wand of flame (41)
 q - a wand of iceblast (29)
 t - a wand of polymorph (5)
Scrolls
 g - 2 scrolls of fog {unknown}
 i - 2 scrolls of enchant armour
 j - 4 scrolls of teleportation
 m - a scroll of fear {unknown}
 p - a scroll of noise {unknown}
 r - a scroll of vulnerability {unknown}
 z - a scroll of enchant weapon {unknown}
Potions
 d - a potion of berserk rage
 f - a potion of heal wounds
 k - 2 potions of curing
 l - a potion of might
 s - a potion of haste {unknown}
 u - a potion of invisibility {unknown}
Books
 y - a manual of Dodging


   Skills:
 * Level 8.9 Fighting
 * Level 9.6 Axes
 * Level 7.7 Armour
 + Level 2.3 Dodging
 + Level 2.7 Evocations


You had 8 spell levels left.
You didn't know any spells.
Your spell library was empty.

Dungeon Overview and Level Annotations

Branches:
Dungeon (9/15)             Temple (0/1) D:6
   Lair: D:8-11         Orc: D:9-12

Altars:
Ashenzari
Cheibriados
Dithmenos
Gozag
Makhleb
Qazlal
Ru
Sif Muna
Trog
Vehumet
The Shining One

Annotations:
D:4 3 runed translucent doors, 1 exclusion, GarryLv's ghost, amateur FeTm; emiel's ghost, amateur NaBe; emiel's ghost, amateur NaFi; nojaa's ghost, amateur DrTm
D:5 1 runed translucent door, 1 exclusion, Veteran's ghost, novice DDFi


Message History

You kill the jackal!
Trog accepts your kill.
You are no longer berserk.
You are exhausted.
You feel yourself slow down.
Found a stone staircase leading down.
You feel much better.
The two-headed ogre hits you but does no damage.
The two-headed ogre barely misses you.
You hit the two-headed ogre.
The two-headed ogre is lightly wounded.
The two-headed ogre hits you with a +0 giant spiked club!
* * * LOW HITPOINT WARNING * * *
The two-headed ogre hits you but does no damage.
Okay, then.
The two-headed ogre hits you with a +0 giant spiked club.
* * * LOW HITPOINT WARNING * * *
The two-headed ogre closely misses you.
The two-headed ogre hits you with a +0 giant spiked club!!
You die...

#... .....#
#...####+#.....#
#..............#
##.[........>...#
#...............#
#.......†.......#
#........<.......
#####......†.........
>.......@......#####.
........O......#
...............#
...............#
#########.###### ###


You could see a two-headed ogre.

Vanquished Creatures
  Menkaure (D:6)
  Duvessa (D:7)
  2 sky beasts
  An ice beast (D:9)
  A necrophage (D:8)
  A black bear (D:9)
  2 ogres
  A bullfrog (D:8)
  Dowan (D:7)
  5 scorpions
  4 hounds
  A centaur skeleton (D:5)
  A jelly (D:3)
  3 orc priests
  2 orc wizards (D:4)
  Jessica (D:2)
  Terence (D:2)
  4 iguanas
  5 worker ants
  A killer bee zombie (D:8)
  Robin (D:2)
  13 gnolls
  8 adders
  2 white imps (D:8)
  A worm zombie (D:4)
  An adder zombie (D:5)
  3 worms
  2 dart slugs
  4 leopard geckos
  13 orcs
  10 giant cockroaches
  13 goblins
  8 hobgoblins
  17 jackals
  5 quokkas
  9 bats
  5 frilled lizards
  A jackal zombie (D:4)
  10 kobolds
  A leopard gecko skeleton (D:8)
  6 rats
172 creatures vanquished.

Vanquished Creatures (others)
  2 orc wizards
2 creatures vanquished.

Grand Total: 174 creatures vanquished

Notes
Turn   | Place    | Note
-------+----------+-------------------------------------------
     0 | D:1      | Decritt the Hill Orc Berserker began the quest for the Orb.
     0 | D:1      | Reached XP level 1. HP: 19/19 MP: 1/1
   137 | D:1      | Reached XP level 2. HP: 8/27 MP: 2/2
   567 | D:1      | Reached ** piety under Trog
   668 | D:1      | Reached XP level 3. HP: 33/33 MP: 3/3
  1432 | D:2      | Noticed Terence
  1583 | D:2      | Killed Terence
  1583 | D:2      | Reached skill level 5 in Axes
  1583 | D:2      | Reached XP level 4. HP: 26/41 MP: 4/4
  1819 | D:2      | Noticed Jessica
  1825 | D:2      | Killed Jessica
  2011 | D:2      | Reached XP level 5. HP: 47/47 MP: 5/5
  2103 | D:2      | Reached skill level 5 in Fighting
  2556 | D:2      | Identified the +2 helmet "Raxiuguc" {Int+6}
  2556 | D:2      | Noticed Robin
  2563 | D:2      | Reached *** piety under Trog
  2574 | D:2      | Killed Robin
  2942 | D:3      | Reached XP level 6. HP: 47/56 MP: 6/6
  2946 | D:3      | Reached skill level 6 in Axes
  3267 | D:3      | Found a burning altar of Makhleb.
  3414 | D:3      | Found a broken altar of Ashenzari.
  3477 | D:3      | Found a sacrificial altar of Ru.
  4142 | D:4      | Reached skill level 5 in Armour
  4142 | D:4      | Reached XP level 7. HP: 36/63 MP: 7/7
  4390 | D:4      | Reached skill level 7 in Axes
  4622 | D:4      | Reached **** piety under Trog
  4676 | D:4      | Found a runed translucent gate.
  4676 | D:4      | Found a runed translucent gate.
  4676 | D:4      | Found a runed translucent gate.
  4677 | D:4      | Noticed emiel's ghost (amateur NaBe)
  4678 | D:4      | Noticed GarryLv's ghost (amateur FeTm)
  4678 | D:4      | Noticed nojaa's ghost (amateur DrTm)
  4678 | D:4      | Noticed emiel's ghost (amateur NaFi)
  4688 | D:4      | Found an opulent altar of Gozag.
  4979 | D:4      | Reached XP level 8. HP: 69/73 MP: 8/8
  5007 | D:5      | Entered Level 5 of the Dungeon
  5065 | D:5      | Found a runed translucent door.
  5069 | D:5      | Noticed Veteran's ghost (novice DDFi)
  5100 | D:5      | Reached skill level 8 in Axes
  5372 | D:5      | Found a shimmering blue altar of Sif Muna.
  5574 | D:5      | Reached skill level 1 in Evocations
  5778 | D:5      | Found a snail-covered altar of Cheibriados.
  6189 | D:6      | Found a staircase to the Ecumenical Temple.
  6477 | D:6      | Found a shadowy altar of Dithmenos.
  6588 | D:6      | Got a glimmering whip
  6588 | D:6      | Identified the cursed +1 whip "Goblinslayer" {vorpal,
                  | Str+3} (You found it on level 6 of the Dungeon)
  6597 | D:6      | Found a bloodstained altar of Trog.
  6597 | D:6      | Found a radiant altar of Vehumet.
  6597 | D:6      | Found a glowing golden altar of the Shining One.
  6650 | D:6      | Noticed Menkaure
  6664 | D:6      | Killed Menkaure
  7500 | D:7      | Found a stormy altar of Qazlal.
  7974 | D:7      | Noticed Duvessa
  7974 | D:7      | Noticed Dowan
  7994 | D:7      | Killed Duvessa
  7994 | D:7      | Reached skill level 9 in Axes
  8043 | D:7      | Killed Dowan
  8415 | D:8      | Reached XP level 9. HP: 73/81 MP: 9/9
  9352 | D:9      | Noticed a two-headed ogre
  9379 | D:9      | Slain by a two-headed ogre

Illustrated notes

Levels and vault maps discovered:
D:1:      heliophobic_arrival_enchanted_forest, layout_loops_ring
D:2:      layout_basic, uniq_terence, uniq_jessica, uniq_crazy_yiuf_cottage,
          uniq_robin
D:3:      layout_rooms, lemuel_doored_altar, hangedman_ru_absence,
          nicolae_ashenzari_panopticon
D:4:      minmay_chambers_of_threes, layout_rooms, lemuel_crystal_altar,
          enter_ossuary_3, gammafunk_ghost_cemetery
D:5:      layout_basic, kennysheep_mini_moat, marbit_many_paths,
          ebering_ghost_sewer_d, kennysheep_decorative_pillar
D:6:      layout_basic, grunt_temple_overflow_open,
          minmay_temple_entry_large_hall, uniq_menkaure
D:7:      layout_basic, nicolae_qazlal_general_emergency, minivault_11,
          uniq_duvessa
D:8:      layout_gridville, minmay_manual_mail
D:9:      layout_irregular_city, orc_0_dummy

Skill      XL: |  1  2  3  4  5  6  7  8  9 |
---------------+----------------------------+-----
Fighting       | 4 5 6 7 8 |  8.9
Armour         | 3 4 5 7 |  7.7
Axes           | 5 6 7 9 |  9.6
Evocations     | 2 |  2.7
Dodging        | 2 |  2.3

Action                   |  1- 3 |  4- 6 |  7- 9 || total
-------------------------+-------+-------+-------++-------
Melee: Hand axe          |   140 |   220 |   224 ||   584
       Whip              |       |       |   186 ||   186
Invok: Berserk           |       |     4 |     6 ||    10
       Trog's Hand       |       |       |     1 ||     1
  Use: Scroll            |       |     4 |     9 ||    13
       Potion            |       |       |     3 ||     3
Armor: Animal skin       |    18 |       |       ||    18
       Chain mail        |       |    78 |       ||    78
       Plate armour      |       |    77 |   291 ||   368
Dodge: Dodged            |    82 |    96 |   139 ||   317

Table legend: (Time is in decaauts)
 A = Elapsed time spent in this place.
 B = Non-inter-level travel time spent in this place.
 C = Inter-level travel time spent in this place.
 D = Time resting spent in this place.
 E = Time spent auto-exploring this place.
 F = Levels seen in this place.
 G = Mean time per level.
                   A        B        C        D        E       F      G
               +--------+--------+--------+--------+--------+-----+--------+
         Total |   9415 |   9216 |    199 |   2292 |   5378 |   9 | 1046.1 |
       Dungeon |   9415 |   9216 |    199 |   2292 |   5378 |   9 | 1046.1 |
               +--------+--------+--------+--------+--------+-----+--------+

Top non-repeatable levels by time:
     D:1: 1538 daAuts
     D:2: 1300 daAuts
     D:3: 1288 daAuts
     D:5: 1176 daAuts
     D:7: 1124 daAuts
     D:6: 1095 daAuts
     D:8: 935 daAuts
     D:4: 925 daAuts
     D:9: 30 daAuts
